Map: Arctic Dream LE

Players

Massa

  • Race: Terran Terran
  • League: Platinum
  • Spawn Location: 5:00

qqq

  • Race: Zerg Zerg
  • Spawn Location: 6:00

Alex - Winner!

  • Race: Protoss Protoss
  • Spawn Location: 12:00

Thor - Winner!

  • Race: Terran Terran
  • Spawn Location: 11:00

VOD

Have the link to the VOD?

Description

Time

  • Played on: Oct. 3, 2020, 6:26 p.m.
  • Length: 5:04
Show
View Real Time Build Order
Export as new Build Order

Massa Terran 

Build Orders:  

Get SALT Encoding   

  12  0:02  SCV  
  13  0:15  SCV  
  14  0:27  SCV  
  15  0:49  Supply Depot  
  15  1:11  SCV  
  16  1:50  SCV  
  16  2:02  SCV  
  16  2:15  SCV  
  14  2:27  SCV  
  7  2:39  SCV  
  8  2:47  Barracks  
  8  2:51  SCV  
  9  3:03  SCV  
  10  3:13  Supply Depot  
  10  3:20  SCV  
  11  3:33  Marine  
  12  3:44  SCV  
  13  3:51  Marine  
  14  3:56  SCV  
  14  3:58  Barracks  
  15  4:09  SCV, Marine  
  17  4:21  SCV  
  18  4:27  Marine  
  19  4:45  Marine  
Show
View Real Time Build Order
Export as new Build Order

qqq Zerg 

Build Orders: Pool Only 

Get SALT Encoding   

  13  0:07  Drone  
  13  0:11  Drone  
  14  0:19  Overlord  
  14  0:38  Drone x2  
  16  1:38  Drone  
  17  1:40  Drone  
  16  2:00  Drone  
  7  2:30  Drone x2  
  7  3:01  Spawning Pool  
  6  3:42  Drone  
  6  3:47  Zergling x2  
  6  3:48  Zergling x2  
  9  3:53  Drone  
  10  4:04  Zergling x2  
  10  4:09  Queen  
  13  4:15  Zergling x2  
  14  4:36  Zergling x2  
Show
View Real Time Build Order
Export as new Build Order

Alex Protoss - Winner!

Build Orders:  

Get SALT Encoding   

  12  0:01  Probe  
  13  0:13  Probe  
  14  0:17  Pylon  
  14  0:25  Probe  
  15  0:37  Gateway  
  15  0:44  Probe (Chrono Boost)  
  16  0:53  Probe (Chrono Boost)  
  17  0:58  Probe (Chrono Boost), Assimilator  
  11  1:50  Probe (Chrono Boost)  
  12  1:59  Probe (Chrono Boost), Zealot (Chrono Boost)  
  14  2:04  Probe (Chrono Boost)  
  14  2:16  Probe  
  11  2:32  Pylon  
  9  2:46  Probe  
  10  3:01  Probe  
  11  3:13  Probe  
  12  3:25  Probe (Chrono Boost)  
  13  3:37  Probe (Chrono Boost)  
  14  3:46  Probe (Chrono Boost)  
  15  3:54  Cybernetics Core  
  15  3:59  Probe  
  16  4:09  Pylon  
  16  4:15  Probe  
  17  4:54  Pylon  
  17  5:02  Shield Battery  
Show
View Real Time Build Order
Export as new Build Order

Thor Terran - Winner!

Build Orders:  

Get SALT Encoding   

  12  0:00  SCV  
  13  0:12  SCV  
  14  0:24  SCV  
  15  0:38  Supply Depot  
  15  0:40  Supply Depot  
  15  0:46  Supply Depot  
  15  0:59  SCV  
  16  1:07  Barracks  
  16  1:13  Barracks  
  14  1:58  Marine  
  13  2:02  Marine  
  12  2:26  Marine x2  
  13  2:49  Marine x2  
  15  3:11  Marine x2  
  17  3:13  SCV  
  18  3:21  Refinery  
  18  3:25  SCV  
  19  3:41  SCV  
  19  3:43  Marine x2  
  22  3:53  SCV  
  23  4:06  SCV  
  24  4:18  SCV  
  25  4:38  Marine  
  25  4:39  Marine  
  25  4:44  Factory  
Tags
 
Add a new tag
Caveats
  • Supply blocks, unpowered buildings, or Contaminate may cause inaccurate times.
  • Supply counts are checked every 10 seconds.